 Dungeon Crawl Stone Soup version 0.24-a0-584-g9d6b971ae4 (webtiles) character file.

Game seed: 14954207170752135556, levelgen mode: deterministic

47 BigAxe the Caller (level 3, -6/19 HPs)
             Began as a Deep Elf Summoner on Sept 6, 2019.
             Killed from afar by Natasha (7 damage)
             ... with a magic dart
             ... on level 2 of the Dungeon.
             The game lasted 00:09:06 (1561 turns).

BigAxe the Caller (Deep Elf Summoner)               Turns: 1561, Time: 00:09:06

Health: -6/19      AC:  2    Str:  5    XL:     3   Next: 48%
Magic:  7/10       EV: 13    Int: 20    God:
Gold:   100        SH:  0    Dex: 15    Spells: 9/10 levels left

rFire    . . .     SeeInvis .   d - staff of air
rCold    . . .     Gourm    .   (no shield)
rNeg     . . .     Faith    .   a - +0 robe
rPois    .         Spirit   .   (no helmet)
rElec    +         Reflect  .   (no cloak)
rCorr    .         Harm     .   (no gloves)
MR       .....                  (no boots)
Stlth    ++........             (no amulet)
HPRegen  0.06/turn              b - ring of wizardry
MPRegen  0.12/turn              (no ring)

@: no status effects
A: no striking features
a: no special abilities


You were on level 2 of the Dungeon.
You were not hungry.

You visited 1 branch of the dungeon, and saw 3 of its levels.

You collected 100 gold pieces.

Inventory:

Armour
 a - a +0 robe (worn)
Magical Staves
 d - an uncursed staff of air (weapon)
Jewellery
 b - a ring of wizardry (left hand)
 g - an uncursed ring of ice {unknown}
 h - an uncursed ring of protection from fire {unknown}
Wands
 j - a wand of random effects (18)
Scrolls
 e - a scroll of fear {unknown}
 f - 2 scrolls of remove curse {unknown}
 i - 2 scrolls of enchant armour {unknown}
Potions
 k - a potion of degeneration {unknown}
Comestibles
 c - 4 rations
 l - 11 chunks of flesh


   Skills:
 + Level 2.5 Dodging
 + Level 2.5 Stealth
 + Level 4.0 Spellcasting
 + Level 5.2 Summonings


You had 9 spell levels left.
You knew the following spells:

 Your Spells              Type           Power        Failure   Level  Hunger
a - Summon Small Mammal   Summ           ####         1%          1    None

Your spell library contained the following spells:

 Spells                   Type           Power        Failure   Level  Hunger
 Call Imp                 Summ           ####....     1%          2    #......
 Call Canine Familiar     Summ           ####....     1%          3    ###....
 Summon Guardian Golem    Hex/Summ       ##......     5%          3    ###....
 Summon Ice Beast         Ice/Summ       ##......     17%         4    ####...
 Summon Lightning Spire   Summ/Air       ###.....     17%         4    ####...


Dungeon Overview and Level Annotations

Branches:
Dungeon (3/15)

Altars:
The Shining One

Annotations:
D:2 Natasha


Message History

Natasha claws you!
* * * LOW HITPOINT WARNING * * *
Your quokka bites Natasha.
Your quokka misses Natasha.
Natasha stares at your quokka and mumbles some strange words.
The magic dart hits your quokka!
Your quokka dies!
Your quokka's corpse disappears in a puff of smoke!
Your quokka barely misses Natasha.
Casting: Summon Small Mammal (safe; 1% risk of failure)
Confirm with . or Enter, or press ? or * to list all spells.
The frilled lizard misses your quokka.
Natasha howls an incantation.
Natasha's front paws start to glow.
Natasha mumbles some strange words.
Your quokka misses Natasha.
Your quokka bites Natasha.
The frilled lizard closely misses your quokka.
Your quokka bites Natasha.
Natasha stares at you and mumbles some strange words.
The magic dart hits you!
You die...

##.## ##......r#...#.#
###...#######.......).###.##
#...#.................# #.#
#.#...#######......l..# #.#
#r##........##........# #.#
#.#########.###.....#.# #.#
#.# #.# ##...##.###.# #.#
#.####l.........# #.#
#r@.hr.5......### #####.#
#####r§######.# ...r..# #..#
#†# .###### #..# #.# .#
#..######†##### r#
#.......<.....# §#
##..#####.###.# .# .#.#
##.###.# .# #.###.##.......


You could see Natasha, a shadow imp, a frilled lizard, 2 friendly quokkas and a
friendly rat.

Vanquished Creatures (collateral kills)
  Natasha (D:2)
  Robin (D:2)
  2 leopard geckos (D:2)
  A bat (D:2)
  6 giant cockroaches
  12 goblins
  5 hobgoblins
  4 jackals (D:2)
  4 frilled lizards (D:2)
  3 kobolds (D:1)
  3 rats
42 creatures vanquished.

Notes
Turn   | Place    | Note
-------+----------+-------------------------------------------
     0 | D:1      | BigAxe the Deep Elf Summoner began the quest for the Orb.
     0 | D:1      | Reached XP level 1. HP: 10/10 MP: 6/6
   697 | D:1      | Found a glowing golden altar of the Shining One.
   706 | D:1      | Reached XP level 2. HP: 15/15 MP: 1/8
  1142 | D:2      | Noticed Natasha
  1219 | D:2      | Killed Natasha
  1219 | D:2      | Reached skill level 5 in Summonings
  1219 | D:2      | Reached XP level 3. HP: 19/19 MP: 0/10
  1312 | D:2      | Noticed Robin
  1370 | D:2      | Killed Robin
  1553 | D:2      | Noticed Natasha
  1561 | D:2      | Killed from afar by Natasha

Levels and vault maps discovered:
D:1:      dpeg_arrival_houses_and_road, layout_loops_ring, tso_altar
D:2:      layout_loops_ring, first_ration, uniq_natasha, uniq_robin
D:3:      layout_basic, nicolae_overflow_hidden_temple,
          cheibrodos_sewer_entry_drain, hangedman_glass_teeth,
          minmay_misc_feat_nine_boxes

Skill      XL: |  1  2  3 |
---------------+----------+-----
Summonings     | 5 |  5.2
Spellcasting   | 4 |  4.0
Dodging        | |  2.5
Stealth        | |  2.5

Action                   || total
-------------------------++-------
 Cast: Summon Small Mamm ||    98
  Use: Scroll            ||     1
  Eat: Chunk             ||     2
Armor: Robe              ||     2
Dodge: Dodged            ||     8

Table legend:
 A = Non-vault XP
 B = Vault XP
 C = Vault XP percentage of total XP
 D = Non-vault monster count
 E = Vault monster count
 F = Vault count percentage of total count
                 A         B        C        D         E       F
            +---------+---------+-------+---------+---------+-------
      Total |      32 |      36 |  52.9 |      30 |      12 |  28.6
            +---------+---------+-------+---------+---------+-------
        D:1 |      13 |       0 |   0.0 |      13 |       0 |   0.0
        D:2 |      19 |      36 |  65.5 |      17 |      12 |  41.4
            +---------+---------+-------+---------+---------+-------
